 Dungeon Crawl Stone Soup version 0.21.1-1-g345015fe64 (webtiles) character file.

1284 Naru the Slinger (level 8, -4/59 HPs)
             Began as a Centaur Hunter on June 14, 2018.
             Was a Follower of Hepliaklqana.
             Slain by a centaur (6 damage)
             ... on level 6 of the Dungeon.
             The game lasted 00:15:10 (6773 turns).

Naru the Slinger (Centaur Hunter)                   Turns: 6773, Time: 00:15:10

Health: -4/59      AC:  7    Str: 16    XL:     8   Next: 29%
Magic:  8/8        EV:  8    Int: 10    God:    Hepliaklqana [*.....]
Gold:   349        SH:  0    Dex: 11    Spells: 7/7 levels left

rFire    . . .     SeeInvis .   y - +0 shortbow
rCold    . . .     Gourm    .   (shield currently unavailable)
rNeg     . . .     Faith    .   v - +1 scale mail
rPois    +         Spirit   .   (no helmet)
rElec    .         Reflect  .   (no cloak)
rCorr    .         Harm     .   (no gloves)
MR       .....                  (no barding)
Stlth    ..........             k - amulet of regeneration
HPRegen  0.59/turn              r - ring of poison resistance
MPRegen  0.11/turn              (no ring)

@: very quick
A: large, reduced essence, hooves 3, deformed body, speed 2, tough skin 3
a: Recall Ancestor, Ancestor Identity, Renounce Religion


You were on level 6 of the Dungeon.
You worshipped Hepliaklqana.
Hepliaklqana was aware of your devotion.
You were not hungry.

You visited 2 branches of the dungeon, and saw 7 of its levels.

You collected 349 gold pieces.

Inventory:

Hand Weapons
 a - a +1 hunting sling
 b - a +1 dagger of venom
 y - a +0 shortbow (weapon)
Missiles
 d - 78 sling bullets
 i - 66 stones
 l - 109 bolts
 m - 10 poisoned needles
 q - 84 arrows (quivered)
Armour
 v - a +1 scale mail (worn)
Jewellery
 k - an amulet of regeneration (around neck)
 r - a ring of poison resistance (left hand)
Wands
 x - a wand of clouds (4)
Scrolls
 e - 4 scrolls of teleportation
 g - 2 scrolls of identify
 n - a scroll of fear
 p - 2 scrolls of remove curse
 w - a scroll of vulnerability {unknown}
Potions
 c - a potion of magic {unknown}
 h - a potion of might
 j - a potion of curing
 o - 2 potions of flight
 s - 2 potions of brilliance {unknown}
 t - a potion of berserk rage
 u - a potion of degeneration
 z - a potion of haste {unknown}
 A - 2 potions of lignification {unknown}
 B - a potion of mutation {unknown}
Comestibles
 f - 6 rations


   Skills:
 + Level 3.7 Fighting
 - Level 10.1 Slings
 * Level 2.8 Bows
 + Level 2.2 Armour
 + Level 1.8 Dodging
 - Level 0.4 Stealth


You had 7 spell levels left.
You didn't know any spells.

Dungeon Overview and Level Annotations

Branches:
Dungeon (6/15)             Temple (1/1) D:4

Altars:
Ashenzari
Elyvilon
Fedhas
Gozag
Hepliaklqana
Kikubaaqudgha
Makhleb
Nemelex Xobeh
Qazlal
Ru
Trog
Uskayaw
Vehumet
Wu Jian
Xom
Zin
The Shining One

Annotations:
D:4 1 runed door


Innate Abilities, Weirdness & Mutations

You have hooves in place of feet.
Armour fits poorly on your strangely shaped body.
You cover ground very quickly.
You have extremely tough skin. (AC +3)
Your life essence is reduced to manifest your ancestor. (-10% HP)


Message History

Aim: an orc wizard, wielding a dagger and wearing a robe (heavily wounded)
You shoot an arrow. The arrow hits the orc wizard.
The orc wizard is severely wounded.
The centaur hits you.
* * * LOW HITPOINT WARNING * * *
The hound zombie bites you but does no damage.
The orc wizard barely misses you. The centaur barely misses you.
The orc throws a tomahawk.
The tomahawk hits you.
* * * LOW HITPOINT WARNING * * *
Firing (i - inventory. (,) - cycle):
q - 85 arrows (quivered)
Press: ? - help, Shift-Dir - straight line, f/p - orc wizard
Aim: an orc wizard, wielding a dagger and wearing a robe (severely wounded)
You shoot an arrow. The arrow hits the orc wizard.
You kill the orc wizard!
The hound zombie bites you but does no damage.
The centaur hits you.
* * * LOW HITPOINT WARNING * * *
The hound zombie bites you but does no damage.
The centaur hits you.
You die...

##+## ##...##
##.....##
##.......##
...####.....%...#
o.....'.........+
...# #.........#
#####s.#####(.)@...#
.........###.c(Z.##
#.......# ##.o.##
#.......# ##(##
##..<....# #.#
...........# #(#
####.....c.# ##.##
...F.....# ##...##
###.(###### #.....#


You could see a centaur, an orc and a hound zombie.

Vanquished Creatures
  The ghost of P0WERM0DE the Skirmisher, an amateur DsFi of Cheibriados (D:4)
  Eustachio (D:4)
  Menkaure (D:5)
  An orc warrior (D:6)
  A centaur (D:5)
  A big kobold (D:5)
  2 bullfrog zombies
  A jelly (D:5)
  4 orc wizards
  Natasha (thrice) (D:4)
  2 worker ants
  Robin (D:3)
  7 gnolls
  3 adders
  3 worms
  2 dart slugs (D:2)
  2 leopard geckos
  17 orcs
  2 giant cockroaches
  22 goblins
  8 hobgoblins
  5 jackals
  16 kobolds
  3 quokkas
  2 ball pythons
  8 bats
  9 frilled lizards
  A quokka skeleton (D:4)
  4 rats
133 creatures vanquished.

Vanquished Creatures (collateral kills)
  A kobold (D:5)
1 creature vanquished.

Vanquished Creatures (others)
  5 dream sheep (D:3)
  An ancestor (D:5)
6 creatures vanquished.

Grand Total: 140 creatures vanquished

Notes
Turn   | Place    | Note
-------+----------+-------------------------------------------
     0 | D:1      | Naru the Centaur Hunter began the quest for the Orb.
     0 | D:1      | Reached XP level 1. HP: 17/17 MP: 1/1
   169 | D:1      | Reached XP level 2. HP: 24/24 MP: 2/2
   217 | D:1      | Reached skill level 5 in Slings
   545 | D:1      | Reached XP level 3. HP: 29/29 MP: 3/3
  1119 | D:2      | Reached skill level 6 in Slings
  1119 | D:2      | Reached XP level 4. HP: 18/36 MP: 4/4
  1383 | D:2      | Found a glowing silver altar of Zin.
  1390 | D:2      | Found a sparkling altar of Nemelex Xobeh.
  1410 | D:2      | Found an opulent altar of Gozag.
  1614 | D:2      | Found a burning altar of Makhleb.
  1909 | D:3      | Found a sacrificial altar of Ru.
  2263 | D:3      | Found a shimmering altar of Xom.
  2263 | D:3      | Noticed a dream sheep
  2263 | D:3      | Noticed a dream sheep
  2263 | D:3      | Noticed a dream sheep
  2263 | D:3      | Noticed a dream sheep
  2263 | D:3      | Noticed a dream sheep
  2269 | D:3      | Killed a dream sheep
  2271 | D:3      | Killed a dream sheep
  2272 | D:3      | Killed a dream sheep
  2274 | D:3      | Killed a dream sheep
  2274 | D:3      | Killed a dream sheep
  2412 | D:3      | Found a shattered altar of Ashenzari.
  2660 | D:4      | Noticed Robin
  2668 | D:3      | Reached XP level 5. HP: 13/41 MP: 5/5
  2670 | D:3      | HP: 2/41 [poisoned by Robin]
  2717 | D:3      | Killed Robin
  2717 | D:3      | Reached skill level 1 in Armour
  3077 | D:4      | Noticed Eustachio
  3342 | D:4      | Noticed Natasha
  3346 | D:4      | Killed Natasha
  3353 | D:4      | Reached skill level 7 in Slings
  4133 | D:4      | Killed Eustachio
  4133 | D:4      | Reached XP level 6. HP: 38/50 MP: 6/6
  4167 | D:4      | Found a staircase to the Ecumenical Temple.
  4317 | D:4      | Noticed P0WERM0DE's ghost (amateur DsFi)
  4519 | D:4      | Killed P0WERM0DE's ghost
  4519 | D:4      | Reached skill level 8 in Slings
  4519 | D:4      | Reached XP level 7. HP: 56/56 MP: 7/7
  4588 | D:4      | Noticed Natasha
  4594 | D:4      | Killed Natasha
  4778 | Temple   | Entered the Ecumenical Temple
  4836 | Temple   | Became a worshipper of Hepliaklqana the Forgotten
  5026 | D:4      | Noticed Natasha
  5040 | D:4      | Killed Natasha
  5111 | D:4      | Found a runed door.
  5511 | D:5      | Entered Level 5 of the Dungeon
  5526 | D:5      | Found a radiant altar of Vehumet.
  5728 | D:5      | Reached skill level 9 in Slings
  6048 | D:5      | Noticed Menkaure
  6058 | D:5      | Killed Menkaure
  6079 | D:5      | Reached * piety under Hepliaklqana
  6087 | D:5      | Reached XP level 8. HP: 46/56 MP: 8/8
  6099 | D:5      | Reached skill level 10 in Slings
  6608 | D:6      | Reached skill level 1 in Bows
  6773 | D:6      | HP: 2/59 [centaur (6)]
  6773 | D:6      | Slain by a centaur

Skill      XL: |  1  2  3  4  5  6  7  8 |
---------------+-------------------------+-----
Slings         | 5 6 7 8 9 10 | 10.1
Armour         | 1 2 |  2.2
Fighting       | 3 |  3.7
Bows           | 2 |  2.8
Dodging        | |  1.8
Stealth        | |  0.4

Action                   |  1- 3 |  4- 6 |  7- 9 || total
-------------------------+-------+-------+-------++-------
Melee: Dagger            |       |    29 |       ||    29
       Kick              |       |     3 |       ||     3
 Fire: Hunting sling     |   115 |   237 |   177 ||   529
       Shortbow          |       |       |    41 ||    41
Invok: Recall Ancestor   |       |       |     1 ||     1
  Use: Scroll            |       |    10 |       ||    10
       Potion            |       |     1 |       ||     1
  Eat: Chunk             |       |     3 |       ||     3
       Ration            |       |     2 |     1 ||     3
Armor: Leather armour    |    16 |    13 |       ||    29
       Scale mail        |       |    59 |    30 ||    89
Dodge: Dodged            |    13 |    76 |    24 ||   113
